 Dungeon Crawl Stone Soup version 0.19-a0-1005-gf5a4b3b (webtiles) character file.

256 GordonOverkill the Skirmisher (level 6, -6/61 HPs)
             Began as a Hill Orc Wanderer on July 19, 2016.
             Was an Initiate of Trog.
             Killed from afar by Natasha (7 damage)
             ... with a magic dart
             ... on level 3 of the Dungeon.
             The game lasted 00:08:06 (2477 turns).

GordonOverkill the Skirmisher (Hill Orc Wanderer)   Turns: 2477, Time: 00:08:07

Health: -6/61      AC:  5    Str: 17    XL:     6   Next: 16%
Magic:  6/6        EV: 10    Int: 11    God:    Trog [......]
Gold:   167        SH:  0    Dex: 11    Spells: 0 memorised, 5 levels left

rFire  . . .     SeeInvis .     b - -2 hand axe
rCold  . . .     Gourm    .     c - +0 ring mail
rNeg   . . .     Faith    .     (no shield)
rPois  .         Spirit   .     (no helmet)
rElec  .         Dismiss  .     (no cloak)
rCorr  .         Reflect  .     (no gloves)
SustAt .         Harm     .     (no boots)
MR     .....                    (no amulet)
Stlth  +.........               (no ring)
                                (no ring)

@: not resistant to hostile enchantments, very unstealthy
A: no striking features
a: Burn Spellbooks, Renounce Religion


You were on level 3 of the Dungeon.
You worshipped Trog.
Trog was noncommittal.
You were hungry.

You visited 1 branch of the dungeon, and saw 3 of its levels.

You collected 167 gold pieces.

Inventory:

Hand Weapons
 a - a +2 shortbow
 b - a -2 hand axe (weapon)
 l - a +0 club
Armour
 c - a +0 ring mail (worn)
Scrolls
 i - 5 scrolls of teleportation {unknown}
 m - a scroll of noise {unknown}
 o - 2 scrolls of identify {unknown}
 p - a scroll of immolation {unknown}
 u - a scroll of random uselessness {unknown}
 v - a scroll of blinking {unknown}
Potions
 e - 2 potions of magic {unknown}
 h - a potion of flight {unknown}
 j - 2 potions of haste {unknown}
 k - a potion of degeneration {unknown}
 n - a potion of heal wounds {unknown}
 r - a potion of cure mutation {unknown}
 t - a potion of invisibility {unknown}
Comestibles
 f - 2 bread rations
 g - 2 meat rations
 s - a beef jerky


   Skills:
 + Level 7.9 Fighting
 + Level 3.8 Bows
 - Level 1.0 Throwing
 - Level 2.1 Armour
 - Level 1.0 Stealth


You had 5 spell levels left.
You didn't know any spells.

Dungeon Overview and Level Annotations

Branches:
Dungeon (3/15)

Altars:
Trog
Xom

Annotations:
D:3 Natasha


Message History

Natasha stares at you and mumbles some strange words.
The magic dart hits you!
* * * LOW HITPOINT WARNING * * *
You feel better.
Natasha stares at you and mumbles some strange words.
The magic dart hits you!
* * * LOW HITPOINT WARNING * * *
Unknown command.
You hit Natasha.
Natasha is almost dead.
Natasha claws you!
* * * LOW HITPOINT WARNING * * *
Unknown command.
Okay, then.
The iron imp shouts, "Take thy face hence, thou mangled motley-minded mule!"
Natasha wildly gestures.
Natasha glows brightly for a moment.
Natasha casts a spell at you. The magic dart hits you!
You die...

#.#..##..≈≈§##....#
#.#.#.###.######.## #.#.#.###.#
#.# #.# #.#.#.##..## #.# #.#
#..........# ##'## ####.####
###........# ##...# .......#
##.#.......###..... # ##..##.#
#.###......##......
.##.#....#.#####@#.......#.......
.'.........g5s)h.........'.......
#[#....#.#######.......#.......
##.###.# ##.###.###...... #.# #.#
#)....# ##..(.. ... ..# #.#####
##...# ##.# ### #)# ##+#. #.#
####)#### #.#. #.#
#..()...#######.#.


You could see an iron imp, Natasha, a giant cockroach and a hobgoblin.

Vanquished Creatures
  A howler monkey (D:3)
  An orc priest (D:3)
  An orc wizard (D:3)
  Natasha (D:2)
  3 gnolls (D:2)
  3 adders (D:2)
  2 worms
  2 dart slugs (D:1)
  3 orcs (D:3)
  A ball python (D:2)
  A giant cockroach (D:1)
  5 goblins
  11 hobgoblins
  8 jackals
  5 bats
  4 giant newts
  10 kobolds
  6 rats
68 creatures vanquished.

Notes
Turn   | Place    | Note
-------+----------+-------------------------------------------
     0 | D:1      | GordonOverkill the Hill Orc Wanderer began the quest for the Orb.
     0 | D:1      | GordonOverkill set off with: a +2 shortbow, 27 arrows, a +0 ring mail, a potion of curing, a bread ration
     0 | D:1      | Reached XP level 1. HP: 24/24 MP: 1/1
   148 | D:1      | Reached XP level 2. HP: 30/30 MP: 2/2
   490 | D:1      | Reached XP level 3. HP: 38/38 MP: 3/3
   911 | D:2      | Reached XP level 4. HP: 28/45 MP: 4/4
  1202 | D:2      | Reached skill level 7 in Fighting
  1320 | D:2      | Noticed Natasha
  1330 | D:2      | Killed Natasha
  1330 | D:2      | Reached XP level 5. HP: 37/52 MP: 5/5
  1886 | D:2      | Found a bloodstained altar of Trog.
  1894 | D:2      | Became a worshipper of Trog the Wrathful
  2090 | D:3      | Found a shimmering altar of Xom.
  2377 | D:3      | Found a shimmering altar of Xom.
  2381 | D:3      | Found a shimmering altar of Xom.
  2433 | D:3      | Noticed Natasha
  2460 | D:3      | Reached XP level 6. HP: 21/61 MP: 6/6
  2476 | D:3      | HP: 1/61 [Natasha (8)]
  2477 | D:3      | Killed from afar by Natasha

Vault maps used:
D:1:      dpeg_arrival_shrine, minmay_misc_feat_room, st_stairs_2,
          minmay_misc_feat_iff, minmay_stone_trees_small
D:2:      lemuel_coloured_pillars_altar, first_bread, uniq_natasha
D:3:      tgw_fedhas, xom_redecorated

Skill      XL: |  1  2  3  4 |
---------------+-------------+-----
Bows           | 2 3 |  3.8
Fighting       | 7 |  7.9
Throwing       | |  1.0
Armour         | |  2.1
Stealth        | |  1.0

Action                   |  1- 3 |  4- 6 || total
-------------------------+-------+-------++-------
Melee: Hand axe          |       |    73 ||    73
 Fire: Shortbow          |    82 |    86 ||   168
  Use: Scroll            |       |     1 ||     1
       Potion            |       |     1 ||     1
  Eat: Chunk             |       |     4 ||     4
Armor: Ring mail         |    14 |    20 ||    34
Dodge: Dodged            |    15 |    74 ||    89
